 Dungeon Crawl Stone Soup version 0.24-a0-446-g87df7205b4 (webtiles) character file.

Game seed: 11127571562559241643

46536 sloany69 the Fighter (level 14, -5/133 HPs)
             Began as a Minotaur Fighter on June 21, 2019.
             Was the Champion of Okawaru.
             Slain by a merfolk
             ... wielding a +0 halberd
              (11 damage)
             ... on level 2 of the Shoals on June 23, 2019.
             The game lasted 01:39:45 (22641 turns).

sloany69 the Fighter (Minotaur Fighter)            Turns: 22641, Time: 01:39:46

Health: -5/133     AC: 22    Str: 30    XL:     14   Next: 5%
Magic:  14/14      EV:  7    Int:  5    God:    Okawaru [******]
Gold:   974        SH: 11    Dex: 11    Spells: 13/13 levels left

rFire    x . .     SeeInvis .   b - +8 arc blade {discharge, rElec}
rCold    + . .     Gourm    .   c - +0 shield
rNeg     + + +     Faith    +   Q - +1 plate armour {rC+}
rPois    +         Spirit   .   n - +1 hat "Lometzok" {rElec rF- rN+++ rCorr}
rElec    +         Reflect  .   (no cloak)
rCorr    +         Harm     .   S - +1 pair of gloves
MR       +....                  y - +0 pair of boots
Stlth    ..........             k - amulet of faith
HPRegen  0.32/turn              T - +5 ring of strength
MPRegen  0.14/turn              X - ring of poison resistance

@: marked, mesmerised, very slightly contaminated, invisible
A: retaliatory headbutt, horns 2
a: Heroism, Finesse, Renounce Religion


You were on level 2 of the Shoals.
You worshipped Okawaru.
Okawaru was exalted by your worship.
You were hungry.

You visited 5 branches of the dungeon, and saw 21 of its levels.

You collected 1136 gold pieces.
You spent 162 gold pieces at shops.

Inventory:

Hand Weapons
 a - the +5 scimitar of Polytheism {slice, Str+4}
   (Okawaru gifted it to you on level 1 of the Shoals)

   It inflicts extra damage upon your enemies.
   It affects your strength (+4).
 b - the +8 arc blade (weapon) {discharge, rElec}
   (You found it on level 6 of the Dungeon)

   It insulates you from electricity.
 N - a +2 war axe of venom
Missiles
 h - 617 stones (quivered)
Armour
 c - a +0 shield (worn)
 n - the +1 hat "Lometzok" (worn) {rElec rF- rN+++ rCorr}
   (Okawaru gifted it to you on level 12 of the Dungeon)

   It makes you vulnerable to fire.
   It insulates you from electricity.
   It renders you almost immune to negative energy.
   It provides partial protection from all sources of acid and corrosion.
 y - a +0 pair of boots (worn)
 D - a cursed +0 pair of gloves
 Q - a +1 plate armour of cold resistance (worn)
 S - a +1 pair of gloves (worn)
Jewellery
 k - an amulet of faith (around neck)
 q - an uncursed amulet of the acrobat
 O - a +5 ring of strength
 T - a +5 ring of strength (left hand)
 X - a ring of poison resistance (right hand)
Wands
 v - a wand of random effects (36)
 w - a wand of clouds (11)
 A - a wand of digging (6)
 E - a wand of iceblast (14)
 G - a wand of scattershot (8)
 H - a wand of flame (27)
 Y - a wand of paralysis (5)
Scrolls
 g - a scroll of torment {unknown}
 j - 5 scrolls of enchant weapon {unknown}
 l - 2 scrolls of amnesia {unknown}
 o - 8 scrolls of teleportation
 p - a scroll of fog
 s - 2 scrolls of magic mapping {unknown}
 u - 2 scrolls of enchant armour
 B - a scroll of vulnerability {unknown}
 C - 2 scrolls of blinking {unknown}
 F - 2 scrolls of fear {unknown}
 J - 2 scrolls of remove curse
 K - 3 scrolls of immolation {unknown}
Potions
 d - 3 potions of might
 e - 2 potions of berserk rage
 i - 7 potions of curing
 m - 6 potions of haste
 r - a potion of brilliance
 t - a potion of resistance
 x - 4 potions of cancellation
 R - 5 potions of flight
 W - 2 potions of ambrosia
Comestibles
 f - 17 rations


   Skills:
 + Level 14.5 Fighting
 - Level 14.0 Short Blades
 - Level 12.0 Axes
   Level 5.1 Slings
 + Level 14.3 Armour
 - Level 1.0 Dodging
 - Level 6.0 Shields
 - Level 1.9 Evocations


You had 13 spell levels left.
You didn't know any spells.
Your spell library contained the following spells:

 Spells                   Type           Power        Failure   Level  Hunger
 Confusing Touch          Hex            #.....       100%        1    ##.....
 Corona                   Hex            #......      100%        1    ##.....
 Sandblast                Erth           #.....       100%        1    ##.....
 Ensorcelled Hibernation  Hex/Ice        #.....       100%        2    ###....
 Passwall                 Tmut/Erth      #.......     100%        2    ###....
 Confuse                  Hex            #.......     100%        3    ####...
 Dazzling Spray           Conj/Hex       #.....       100%        3    ####...
 Gell's Gravitas          Tloc           #.........   100%        3    ####...
 Stone Arrow              Conj/Erth      #.....       100%        3    ####...
 Tukima's Dance           Hex            #.......     100%        3    ####...
 Petrify                  Tmut/Erth      #.......     100%        4    #####..
 Lee's Rapid Deconstruct  Erth           #.........   100%        5    ######.
 Metabolic Englaciation   Hex/Ice        #.........   100%        5    ######.
 Yara's Violent Unravell  Hex/Tmut       #.........   100%        5    ######.


Dungeon Overview and Level Annotations

Branches:
Dungeon (13/15)            Temple (1/1) D:5            Lair (4/6) D:8
 Shoals (2/4) Lair:4        Snake (1/4) Lair:2          Orc (0/2) D:9
 Vaults (0/5) D:13

Altars:
Ashenzari
Cheibriados
Dithmenos
Elyvilon
Fedhas
Gozag
Hepliaklqana
Kikubaaqudgha
Makhleb
Nemelex Xobeh
Okawaru
Qazlal
Ru
Sif Muna
Trog
Uskayaw
Vehumet
Wu Jian
Xom
Yredelemnul
Zin
The Shining One
Beogh

Shops:
D:4 (**   D:10 [

Annotations:
Lair:1 exclusions: 3 lava snakes, orange crystal statue and 3 more exclusions


Innate Abilities, Weirdness & Mutations

You reflexively headbutt those who attack you in melee.
You have a pair of horns on your head.


Message History

You fall into the shallow water.
Moving in this stuff is going to be slow. ...and don't expect to remain undetected.
You block the merfolk's attack.
The merfolk hits you from afar with a +0 spear.
* * * LOW HITPOINT WARNING * * *
The merfolk impaler hits you but does no damage.
The sea snake bites you but does no damage.
The merfolk hits you with a +0 trident!!
* * * LOW HITPOINT WARNING * * *
The water elemental hits you.
The water elemental engulfs you in water!
The merfolk avatar chants a haunting song.
You are mesmerised by the merfolk avatar!
The merfolk impaler hits you but does no damage.
You slip free of the water engulfing you.
You gasp with relief as air once again reaches your lungs.
The pull of its song draws you forwards.
The merfolk hits you from afar with a +0 halberd!
You die...

.......(###...≈≈≈≈..## ...
≈.≈.....###..≈≈≈≈≈...#....
≈.≈≈...?....≈≈≈≈≈≈........
..≈≈S≈S....≈≈≈≈≈≈≈≈....###
≈≈≈≈≈≈≈m≈.≈≈≈≈≈≈≈≈.....#
≈≈≈≈≈≈≈≈...≈≈≈..##......
≈≈≈≈≈≈EEmmm≈≈..## .≈....
≈≈≈≈≈≈≈S≈.m≈≈.## ....≈≈
≈≈≈≈≈≈.@[.m≈.## ...≈≈≈
≈≈≈m..###....... ..≈≈≈≈
≈≈.... #....... .≈≈≈≈≈
....# #..###... .... ...#
.≈. ≈.. ..# .. ... ≈≈.


You could see a merfolk avatar, a merfolk impaler, 3 sea snakes, 4 merfolk, 2
water elementals and a merfolk siren.

Vanquished Creatures
  The ghost of Azzok the Severer, an adept FoFi of Okawaru (Shoals:1)
  A merfolk impaler (Shoals:2)
  Erica (D:8)
  A merfolk aquamancer (Shoals:2)
  3 centaur warriors (D:13)
  A naga sharpshooter (Snake:1)
  6 sea snakes
  3 unseen horrors
  Pikel (D:9)
  An orc knight (D:13)
  A deep elf archer (D:13)
  An ugly thing (D:11)
  3 deep elf magi (D:13)
  5 manticores
  3 fauns (Shoals:1)
  2 cyclopes
  A merfolk siren (Shoals:1)
  3 black mambas
  A centaur zombie (D:12)
  5 spiny frogs
  A kobold demonologist (D:13)
  An efreet (D:13)
  2 komodo dragons
  3 merfolk (Shoals:1)
  A queen bee (D:12)
  Grinder (D:5)
  A wind drake (Shoals:1)
  4 trolls
  A slime creature (D:8)
  6 dream sheep (Lair:4)
  4 blink frogs (Lair:4)
  3 snapping turtles
  10 hippogriffs
  4 water elementals (Shoals:2)
  A wraith (D:12)
  4 basilisks
  A wyvern (D:8)
  32 yaks
  A human (D:5)
  A hungry ghost (D:13)
  2 vampire mosquitoes (D:13)
  12 water moccasins
  7 porcupines
  2 sky beasts
  4 ice beasts
  5 necrophages
  14 orc warriors
  3 slaves (D:9)
  6 ogres
  3 phantoms
  6 wolves (Lair:4)
  6 centaurs
  4 crocodiles
  3 big kobolds
  15 bullfrogs
  3 gnoll sergeants
  3 wyvern zombies
  3 wyvern skeletons
  6 scorpions
  17 killer bees
  9 wights
  An electric eel (Lair:1)
  8 howler monkeys
  8 crimson imps
  2 quasits (D:8)
  2 jellies (D:13)
  3 bullfrog zombies
  8 hounds
  15 orc wizards
  18 orc priests
  5 bullfrog skeletons
  5 iguanas
  Natasha (thrice) (D:3)
  A worker ant (D:4)
  4 hound skeletons
  3 worker ant zombies
  12 gnolls
  22 adders
  7 shadow imps
  An ooze (D:3)
  An adder skeleton (D:9)
  2 adder zombies
  3 worms
  2 dart slugs
  9 leopard geckos
  84 orcs
  7 ball pythons
  11 giant cockroaches
  10 goblins
  11 hobgoblins
  9 jackals
  6 quokkas
  9 bats
  5 frilled lizards
  19 kobolds
  A leopard gecko skeleton (D:4)
  A leopard gecko zombie (D:6)
  A quokka skeleton (D:7)
  8 rats
  3 fungi
  3 plants (D:8)
592 creatures vanquished.

Vanquished Creatures (others)
  A slave (D:9)
  2 orc wizards
  4 bushes (Lair:4)
  A fungus (Lair:2)
  A plant (Lair:4)
9 creatures vanquished.

Grand Total: 601 creatures vanquished

Notes
Turn   | Place    | Note
-------+----------+-------------------------------------------
     0 | D:1      | sloany69 the Minotaur Fighter began the quest for the Orb.
     0 | D:1      | Reached XP level 1. HP: 19/19 MP: 0/0
   100 | D:1      | Reached XP level 2. HP: 24/27 MP: 1/1
   518 | D:1      | Reached XP level 3. HP: 30/33 MP: 2/2
  1800 | D:2      | Found a radiant altar of Vehumet.
  1811 | D:2      | Reached XP level 4. HP: 12/40 MP: 3/3
  2488 | D:2      | Reached skill level 1 in Dodging
  3209 | D:3      | Noticed Natasha
  3212 | D:3      | Reached XP level 5. HP: 38/46 MP: 4/4
  3213 | D:3      | Killed Natasha
  3232 | D:3      | Noticed Natasha
  3241 | D:3      | Killed Natasha
  3241 | D:3      | Reached skill level 5 in Axes
  3456 | D:3      | Noticed Natasha
  3459 | D:3      | Killed Natasha
  4009 | D:4      | Found an opulent altar of Gozag.
  4268 | D:4      | Reached XP level 6. HP: 53/53 MP: 5/5
  4333 | D:4      | Found Dajo's General Store.
  4339 | D:4      | Bought a scroll of enchant armour for 90 gold pieces
  4377 | D:4      | Found Rorugul's Assorted Antiques.
  4547 | D:4      | Found Zidwateq's Antique Weapon Shoppe.
  4645 | D:4      | Reached skill level 1 in Slings
  4763 | D:5      | Entered Level 5 of the Dungeon
  4816 | D:5      | Noticed Grinder
  4835 | D:5      | Paralysed by Grinder for 3 turns
  4844 | D:5      | Paralysed by Grinder for 5 turns
  4849 | D:5      | Killed Grinder
  4849 | D:5      | Reached skill level 5 in Armour
  4849 | D:5      | Reached XP level 7. HP: 28/60 MP: 6/6
  5085 | D:5      | Found a staircase to the Ecumenical Temple.
  5092 | Temple   | Entered the Ecumenical Temple
  5217 | Temple   | Became a worshipper of Warmaster Okawaru
  5372 | D:5      | Found a runed translucent door.
  5372 | D:5      | Noticed a human
  5379 | D:5      | Found a basalt altar of Yredelemnul.
  5467 | D:5      | Killed a human
  5467 | D:5      | Reached skill level 5 in Fighting
  5665 | D:5      | Reached skill level 5 in Shields
  5759 | D:5      | Reached * piety under Okawaru
  5781 | D:5      | Reached XP level 8. HP: 35/68 MP: 7/7
  6479 | D:4      | Bought a scroll of remove curse for 72 gold pieces
  7097 | D:6      | Reached ** piety under Okawaru
  7578 | D:6      | Found an ancient bone altar of Kikubaaqudgha.
  7869 | D:6      | Reached skill level 5 in Slings
  7996 | D:6      | Reached XP level 9. HP: 52/75 MP: 8/8
  8194 | D:6      | Found the +8 arc blade {discharge, rElec}
  8308 | D:6      | Reached skill level 10 in Axes
  8692 | D:7      | Reached skill level 1 in Short Blades
  9128 | D:7      | Found a white marble altar of Elyvilon.
  9227 | D:7      | Reached *** piety under Okawaru
  9409 | D:7      | Upgraded the game from 0.24-a0-443-g80245de385 to
                  | 0.24-a0-445-gd5110b030a
  9625 | D:8      | Found an ornate altar of the Wu Jian Council.
  9669 | D:8      | Found a staircase to the Lair.
  9894 | D:8      | Received a gift from Okawaru
  9971 | D:8      | Reached skill level 5 in Short Blades
 10135 | D:8      | Found a runed translucent door.
 10156 | D:8      | Reached XP level 10. HP: 88/88 MP: 9/9
 10177 | D:8      | Noticed Erica
 10197 | D:8      | Killed Erica
 10197 | D:8      | Reached **** piety under Okawaru
 10463 | D:8      | Found a runed translucent door.
 10892 | D:8      | Found a stormy altar of Qazlal.
 11239 | D:9      | Noticed Pikel
 11254 | D:9      | Killed Pikel
 11429 | D:9      | Noticed a cyclops
 11433 | D:9      | Killed a cyclops
 11585 | D:9      | Reached ***** piety under Okawaru
 11825 | D:9      | Found a snail-covered altar of Cheibriados.
 11889 | D:9      | Found a roughly hewn altar of Beogh.
 11889 | D:9      | Found a staircase to the Orcish Mines.
 11933 | D:8      | Reached XP level 11. HP: 5/97 MP: 10/10
 12392 | D:9      | Reached skill level 1 in Evocations
 12637 | D:10     | Entered Level 10 of the Dungeon
 12763 | D:10     | Found Reqohonk's Armour Shop.
 12880 | D:10     | Killed an unseen horror
 13523 | D:11     | Received a gift from Okawaru
 13967 | D:11     | Received a gift from Okawaru
 13983 | D:11     | Noticed a purple ugly thing
 13989 | D:11     | Killed a purple ugly thing
 14230 | D:11     | Reached skill level 10 in Fighting
 14538 | D:12     | Reached skill level 10 in Short Blades
 14581 | D:12     | Reached skill level 10 in Armour
 14778 | D:12     | Received a gift from Okawaru
 15341 | D:12     | Killed an unseen horror
 15373 | D:12     | Received a gift from Okawaru
 15378 | D:12     | Got a pitted hat {god gift}
 15384 | D:12     | Identified the +1 hat "Lometzok" {rElec rF- rN+++ rCorr}
                  | (Okawaru gifted it to you on level 12 of the Dungeon)
 15434 | D:12     | Reached XP level 12. HP: 108/108 MP: 12/12
 15696 | D:13     | Noticed a centaur warrior
 15696 | D:13     | Noticed a centaur warrior
 15715 | D:13     | Killed a centaur warrior
 15724 | D:13     | Killed a centaur warrior
 16523 | D:13     | Found a gate to the Vaults.
 16534 | D:13     | Noticed a centaur warrior
 16543 | D:13     | Killed a centaur warrior
 16793 | Lair:1   | Entered Level 1 of the Lair of Beasts
 17695 | Lair:2   | Found a staircase to the Snake Pit.
 17754 | Lair:2   | Reached ****** piety under Okawaru
 17793 | Lair:2   | Received a gift from Okawaru
 17811 | Lair:2   | Reached XP level 13. HP: 107/118 MP: 13/13
 18796 | Snake:1  | Entered Level 1 of the Snake Pit
 20028 | Lair:4   | Upgraded the game from 0.24-a0-445-gd5110b030a to
                  | 0.24-a0-446-g87df7205b4
 20420 | Lair:4   | Found a staircase to the Shoals.
 20441 | Shoals:1 | Entered Level 1 of the Shoals
 20457 | Shoals:1 | Received a gift from Okawaru
 20480 | Shoals:1 | Got an iridescent scimitar {god gift}
 20481 | Shoals:1 | Identified the +5 scimitar of Polytheism {slice, Str+4}
                  | (Okawaru gifted it to you on level 1 of the Shoals)
 21384 | Shoals:1 | Found a large runed translucent door.
 21386 | Shoals:1 | Found a large runed translucent door.
 21393 | Shoals:1 | Noticed Azzok's ghost (adept FoFi)
 21412 | Shoals:1 | Killed Azzok's ghost
 21821 | Shoals:1 | Received a gift from Okawaru
 22165 | Shoals:2 | Noticed a merfolk impaler
 22194 | Shoals:2 | Killed a merfolk impaler
 22623 | Shoals:2 | Reached XP level 14. HP: 89/133 MP: 14/14
 22631 | Shoals:2 | Received a gift from Okawaru
 22640 | Shoals:2 | HP: 5/133 [merfolk/+0 trident (18)]
 22641 | Shoals:2 | Slain by a merfolk

Levels and vault maps discovered:
D:1:      lemuel_arrival_funnel, layout_loops_corners
D:2:      layout_loops_cross, vehumet_crystals, first_ration
D:3:      layout_loops_ring, kennysheep_generic_room_2, uniq_natasha
D:4:      layout_loops_ring, serial_bayou, serial_bayou_shore_b,
          serial_bayou_crossing, serial_bayou_shore_b, serial_bayou_ford_a,
          serial_shops, shop, shop, shop, grunt_gozag_breadcrumbs
D:5:      layout_loops_ring, minmay_temple_entry_arrows, dk_yredelemnul_ordeal,
          uniq_grinder
D:6:      layout_basic, kennysheep_mini_moat
D:7:      layout_loops_ring, lemuel_crystal_altar, minivault_25
D:8:      cheibrodos_histonic, layout_basic, lemuel_crystal_altar,
          lemuel_round_altar, dpeg_oklobed_lair, uniq_erica
D:9:      layout_cave_pools, lemuel_doored_altar, david_orc_5, lightli_minifort,
          uniq_pikel
D:10:     layout_basic, serial_shops, shop
D:11:     layout_irregular_city
D:12:     layout_cross, david_nohive_1, nicolae_two_hexagons
D:13:     layout_rooms, hangedman_vaults_entry_quadrant_bands,
          chequers_arboretum
Temple:   lightli_temple_of_artemis
Lair:1:   layout_chaotic_city, fungi_pond_lemuel, disabler_island
Lair:2:   layout_roguey, minmay_snake_entry_six_corridors
Lair:3:   layout_chaotic_city, chequers_serial_rivers_marsh
Lair:4:   layout_cave_pods, minmay_shoals_entry_hut, grunt_megastairs_2,
          infiniplex_staircase_pool_2
Shoals:1: layout_shoals, ebering_ghost_disaster_area
Shoals:2: layout_shoals, minmay_shop_mass
Snake:1:  layout_cave_pods, gammafunk_ghost_cemetery, drop_trap,
          serial_bayou_shore_a

Skill      XL: |  1  2  3  4  5  6  7  8  9 10 11 12 13 |
---------------+----------------------------------------+-----
Axes           | 3 4 5 6 7 9 10 11 12 | 12.0
Fighting       | 4 5 6 7 9 10 12 14 | 14.5
Armour         | 4 5 6 7 8 10 11 14 | 14.3
Shields        | 4 5 6 |  6.0
Dodging        | 1 |  1.0
Slings         | 2 4 5 |  5.1
Short Blades   | 5 8 10 13 14 | 14.0
Evocations     | 1 |  1.9

Action                   |  1- 3 |  4- 6 |  7- 9 | 10-12 | 13-15 || total
-------------------------+-------+-------+-------+-------+-------++-------
Melee: War axe           |    69 |   153 |   213 |       |       ||   435
       Headbutt          |     8 |    20 |    70 |   114 |    80 ||   292
       Rapier            |       |       |   121 |   572 |   307 ||  1000
 Fire: Hunting sling     |       |    39 |    35 |       |       ||    74
Invok: Heroism           |       |       |     5 |     6 |       ||    11
  Use: Scroll            |       |     9 |     2 |     6 |     3 ||    20
       Potion            |       |       |     2 |       |     4 ||     6
  Eat: Ration            |     1 |       |     2 |     4 |     3 ||    10
       Chunk             |       |     9 |    10 |    12 |     4 ||    35
Armor: Scale mail        |    34 |    52 |    43 |       |       ||   129
       Plate armour      |       |       |    94 |   236 |   112 ||   442
Dodge: Dodged            |    35 |    51 |    99 |   195 |    74 ||   454
Block: Shield            |    56 |    84 |   188 |   306 |   134 ||   768

Table legend:
 A = Non-vault XP
 B = Vault XP
 C = Vault XP percentage of total XP
 D = Non-vault monster count
 E = Vault monster count
 F = Vault count percentage of total count
                 A         B        C        D         E       F
            +---------+---------+-------+---------+---------+-------
      Total |   51980 |   14501 |  21.8 |     485 |      98 |  16.8
            +---------+---------+-------+---------+---------+-------
        D:1 |      52 |       0 |   0.0 |      30 |       0 |   0.0
        D:2 |     100 |       0 |   0.0 |      34 |       0 |   0.0
        D:3 |     166 |      40 |  19.4 |      32 |       3 |   8.6
        D:4 |     231 |       0 |   0.0 |      12 |       0 |   0.0
        D:5 |     617 |     482 |  43.9 |      23 |       2 |   8.0
        D:6 |    1391 |       0 |   0.0 |      48 |       0 |   0.0
        D:7 |    1360 |       0 |   0.0 |      23 |       0 |   0.0
        D:8 |    1984 |    2286 |  53.5 |      32 |      20 |  38.5
        D:9 |    1616 |    1594 |  49.7 |      25 |      22 |  46.8
       D:10 |    2129 |       0 |   0.0 |      21 |       0 |   0.0
       D:11 |    3432 |     122 |   3.4 |      40 |       2 |   4.8
       D:12 |    3839 |    1232 |  24.3 |      36 |      16 |  30.8
       D:13 |    4692 |    4618 |  49.6 |      23 |      16 |  41.0
     Lair:1 |    3072 |       0 |   0.0 |      15 |       0 |   0.0
     Lair:2 |    5651 |    2003 |  26.2 |      29 |      15 |  34.1
     Lair:3 |    3221 |       0 |   0.0 |      16 |       0 |   0.0
     Lair:4 |    3665 |     262 |   6.7 |      17 |       1 |   5.6
   Shoals:1 |    7789 |    1862 |  19.3 |      17 |       1 |   5.6
   Shoals:2 |    6149 |       0 |   0.0 |      11 |       0 |   0.0
    Snake:1 |     824 |       0 |   0.0 |       1 |       0 |   0.0
            +---------+---------+-------+---------+---------+-------
